AoeStats
← LM | TornardoBriese

Arabia

507600668Analyzed
1v1 RM · 13d ago on Sep 19, 2026· 34m 10s· 2 players
Game mode
Random Map
Map size
Tiny (2 player)
Population
200
Speed
Normal
Resources
Standard
Victory
Conquest
Starting age
Dark Age
Ending age
Imperial Age
RankedLock teamsTeams togetherTeam positionsShared explorationLock speedFull tech treeHidden civsTurbo modeCheats
Victory
Defeat
🇨🇱 Khmer · Chile
1125
+16
🇨🇭 Japanese · Switzerland
1135
-16
Cisco Beats
7:18 Loom
10:04 Feudal Age
13:42 Castle Age
12:14 Double-Bit Axe
18:17 Horse Collar
21:47 Wheelbarrow
21:09 Town Watch
22:05 Bow Saw
22:21 Heavy Plow
24:37 Hand Cart
27:16 Bloodlines
27:31 Scale Barding Armor
27:40 Husbandry
28:19 Forging
30:05 Chain Barding Armor
30:21 Iron Casting
30:55 Fletching
32:24 Ballistics
33:32 Bodkin Arrow
LM | TornardoBriese
6:10 Loom
9:06 Feudal Age
9:48 Double-Bit Axe
9:30 Man-at-Arms
13:07 Double-Bit Axe
19:39 Castle Age
17:38 Horse Collar
17:53 Gold Mining
18:43 Wheelbarrow
19:10 Fletching
19:21 Padded Archer Armor
20:32 Bow Saw
20:43 Bloodlines
20:33 Husbandry
25:24 Heavy Plow
26:48 Husbandry
28:43 Ballistics
29:09 Leather Archer Armor
30:09 Bodkin Arrow
32:26 Thumb Ring
Connection lost

Rejoining the realm…

Still unreachable

The connection could not be restored.

Session expired

The server has moved on; the page needs a fresh start.